AoeStats
← NcroTmor

Arena

510215737Analyzed
4v4 RM · 3d ago on Sep 30, 2026· 40m 47s· 8 players
Game mode
Random Map
Map size
Large (8 player)
Population
200
Speed
Normal
Resources
Standard
Victory
Conquest
Starting age
Dark Age
Ending age
Imperial Age
RankedLock teamsTeams togetherTeam positionsShared explorationLock speedFull tech treeHidden civsTurbo modeCheats
Victory
Defeat
🇦🇷 Spanish · Argentina
973
+17
🇨🇱 Koreans · Chile
941
+18
🇧🇾 Armenians · Belarus
939
+18
🇵🇪 Huns · Peru
914
+19
🇧🇷 Bohemians · Brazil
1003
-19
🇧🇷 Persians · Brazil
999
-19
🇹🇷 Inca · Türkiye
988
-18
🇺🇸 Mapuche · United States
937
-16
crepysa
0:26 Loom
9:45 Feudal Age
10:19 Double-Bit Axe
10:24 Horse Collar
17:00 Castle Age
16:26 Wheelbarrow
15:44 Gold Mining
16:34 Wheelbarrow
16:55 Stone Mining
16:56 Town Watch
18:25 Bow Saw
18:23 Heavy Plow
20:54 Fervor
24:18 Hand Cart
25:13 Redemption
25:42 Sanctity
31:29 Imperial Age
29:24 Masonry
29:34 Ballistics
29:10 Murder Holes
29:06 Fletching
30:25 Inquisition
30:54 Scale Barding Armor
30:46 Bodkin Arrow
31:03 Forging
31:36 Bloodlines
31:43 Husbandry
31:04 Light Cavalry
32:29 Conscription
31:31 Cavalier
32:30 Block Printing
32:41 Illumination
33:29 Chemistry
33:15 Hussar
36:18 Theocracy
37:25 Iron Casting
37:12 Chain Barding Armor
36:54 Bracer
38:06 Supremacy
ItsBocchi
10:50 Feudal Age
11:31 Double-Bit Axe
16:17 Castle Age
14:51 Fletching
19:54 Bow Saw
28:41 Loom
29:31 Wheelbarrow
28:41 Town Watch
29:40 Gold Mining
29:40 Stone Mining
31:54 Bodkin Arrow
36:03 Eupseong
36:35 Forging
35:48 Crossbowman
37:48 Masonry
37:48 Fortified Wall
37:58 Ballistics
40:09 Imperial Age
38:27 Iron Casting
37:52 Scale Mail Armor
39:23 Treadmill Crane
40:28 Gold Shaft Mining
40:28 Stone Shaft Mining
NcroTmor
10:41 Feudal Age
16:42 Castle Age
15:17 Double-Bit Axe
15:35 Horse Collar
19:43 Wheelbarrow
19:49 Heavy Plow
25:21 Hand Cart
25:17 Loom
28:17 Imperial Age
26:29 Stone Mining
27:02 Scale Barding Armor
27:30 Bloodlines
27:45 Forging
29:33 Chain Barding Armor
30:59 Husbandry
31:38 Plate Barding Armor
31:12 Marauders
32:01 Conscription
32:19 Iron Casting
31:48 Gold Mining
33:28 Town Watch
38:05 Blast Furnace
36:27 Elite Tarkan
38:10 Ballistics
37:46 Murder Holes
Unfi
6:21 Loom
10:16 Feudal Age
10:45 Town Watch
10:53 Man-at-Arms
13:08 Horse Collar
14:17 Wheelbarrow
13:30 Double-Bit Axe
13:40 Arson
14:09 Long Swordsman
21:14 Fletching
23:57 Castle Age
26:30 Pikeman
27:54 Bodkin Arrow
36:25 Imperial Age
34:08 Murder Holes
35:04 Bow Saw
36:03 Ballistics
37:13 Hand Cart
38:31 Caravan
Pão Andante
10:52 Feudal Age
15:07 Castle Age
15:28 Castle Age
15:08 Double-Bit Axe
19:49 Horse Collar
21:45 Wheelbarrow
22:28 Heavy Plow
24:38 Bloodlines
24:36 Scale Barding Armor
24:42 Forging
27:02 Gold Mining
30:01 Chain Barding Armor
30:17 Iron Casting
29:29 Loom
29:59 Hand Cart
30:33 Husbandry
33:27 Imperial Age
31:53 Bow Saw
34:12 Cavalier
36:47 Plate Barding Armor
37:13 Blast Furnace
38:26 Conscription
39:29 Gold Shaft Mining
38:52 Light Cavalry
38:52 Savar
taylorzanin
10:28 Feudal Age
14:46 Castle Age
13:39 Horse Collar
13:48 Double-Bit Axe
16:20 Wheelbarrow
23:00 Bow Saw
25:33 Ballistics
28:21 Hand Cart
28:45 Heavy Plow
33:02 Imperial Age
30:58 Loom
32:06 Town Watch
32:20 Elite Skirmisher
35:21 Conscription
36:28 Two-Man Saw
35:38 Husbandry
35:46 Light Cavalry
37:22 Scale Barding Armor
37:27 Forging
36:53 Cavalier
37:24 Pikeman
38:04 Squires
38:38 Scale Mail Armor
38:23 Heavy Scorpion
40:06 Chain Mail Armor
40:42 Iron Casting
Gbetosaurus
11:19 Feudal Age
12:05 Double-Bit Axe
12:13 Gold Mining
15:13 Loom
16:04 Wheelbarrow
16:12 Wheelbarrow
16:27 Fletching
19:24 Padded Archer Armor
26:16 Castle Age
27:03 Stone Mining
27:25 Bow Saw
26:56 Horse Collar
27:53 Gold Shaft Mining
27:59 Bodkin Arrow
28:58 Stone Shaft Mining
33:11 Heavy Plow
36:23 Hand Cart
cold1a
8:38 Loom
10:48 Feudal Age
15:53 Castle Age
14:32 Double-Bit Axe
14:58 Horse Collar
16:19 Champi Runner
25:27 Heavy Plow
25:38 Bow Saw
26:27 Stone Mining
28:44 Wheelbarrow
29:54 Town Watch
35:12 Imperial Age
33:04 Squires
32:49 Arson
32:57 Arson
33:00 Pikeman
33:53 Gold Mining
36:49 Hand Cart
35:59 Halberdier
39:10 Conscription
Connection lost

Rejoining the realm…

Still unreachable

The connection could not be restored.

Session expired

The server has moved on; the page needs a fresh start.